Map: Frost LE

Players

LiquidMaNa (MaNa) - Winner!

  • Race: Protoss Protoss
  • League: Grandmaster

Damrud

  • Race: Zerg Zerg
  • League: Master

VOD

Have the link to the VOD?

Description

Time

  • Played on: Oct. 16, 2016, 7:33 a.m.
  • Length: 6:24
Show
View Real Time Build Order
Export as new Build Order

LiquidMaNa Protoss - Winner!

Build Orders: 1 Gate Expand 

Get SALT Encoding   

  12  0:00  Probe (Chrono Boost)  
  13  0:11  Probe (Chrono Boost)  
  14  0:20  Pylon  
  14  0:22  Probe (Chrono Boost)  
  15  0:39  Probe (Chrono Boost)  
  15  0:40  Gateway  
  16  0:49  Assimilator, Probe (Chrono Boost)  
  17  1:00  Probe (Chrono Boost)  
  18  1:10  Probe (Chrono Boost)  
  19  1:26  Nexus  
  19  1:33  Cybernetics Core  
  19  1:36  Probe (Chrono Boost)  
  20  1:45  Assimilator  
  20  1:47  Probe (Chrono Boost)  
  21  1:54  Pylon  
  21  1:57  Probe (Chrono Boost)  
  23  2:08  Adept  
  23  2:09  Probe (Chrono Boost)  
  23  2:10  Warp Gate  
  25  2:21  Probe (Chrono Boost)  
  26  2:32  Pylon  
  26  2:33  Probe (Chrono Boost)  
  26  2:34  Stalker  
  27  2:39  Probe (Chrono Boost)  
  31  2:45  Probe (Chrono Boost)  
  31  2:48  Pylon  
  31  2:52  Twilight Council  
  31  2:54  Probe (Chrono Boost)  
  31  2:56  Probe (Chrono Boost)  
  33  3:05  Probe (Chrono Boost)  
  34  3:07  Mothership Core (Chrono Boost)  
  34  3:10  Adept  
  38  3:15  Probe (Chrono Boost)  
  39  3:24  Resonating Glaives  
  39  3:25  Probe (Chrono Boost)  
  39  3:26  Probe (Chrono Boost), Gateway x2  
  39  3:36  Probe x2 (Chrono Boost)  
  41  3:44  Assimilator  
  41  3:46  Probe (Chrono Boost)  
  41  3:47  Probe (Chrono Boost)  
  43  3:49  Pylon  
  43  3:57  Probe x2 (Chrono Boost)  
  45  4:04  Assimilator  
  45  4:07  Robotics Facility  
  45  4:12  Probe (Chrono Boost)  
  45  4:13  Probe (Chrono Boost)  
  45  4:15  Pylon  
  45  4:16  Adept  
  49  4:20  Adept  
  49  4:21  Adept  
  49  4:23  Pylon  
  53  4:26  Probe (Chrono Boost)  
  54  4:33  Probe (Chrono Boost)  
  56  4:39  Probe (Chrono Boost)  
  56  4:42  Adept x3  
  56  4:44  Probe (Chrono Boost)  
  63  4:47  Pylon  
  63  4:51  Probe (Chrono Boost)  
  64  4:54  Probe (Chrono Boost)  
  64  4:59  Immortal  
  69  5:07  Sentry  
  69  5:08  Sentry x2  
  69  5:09  Pylon  
  69  5:11  Pylon  
  75  5:26  Pylon  
  75  5:33  Adept x3, Immortal  
  85  5:49  Pylon  
  85  5:59  Adept  
  85  6:02  Nexus  
Show
View Real Time Build Order
Export as new Build Order

Damrud Zerg 

Build Orders: Hatch First, Roach Nydus 

Get SALT Encoding   

  12  0:00  Drone  
  13  0:13  Overlord  
  13  0:17  Drone  
  14  0:31  Drone x2  
  17  0:35  Drone  
  17  0:52  Hatchery  
  17  0:55  Drone  
  17  0:58  Drone  
  18  1:08  Extractor  
  17  1:13  Spawning Pool  
  17  1:16  Drone  
  17  1:19  Drone  
  18  1:29  Drone  
  19  1:41  Overlord  
  19  2:00  Zergling x2  
  20  2:01  Drone  
  20  2:04  Drone, Queen  
  20  2:07  Metabolic Boost  
  24  2:11  Drone  
  25  2:24  Drone  
  25  2:25  Drone  
  27  2:39  Drone x3  
  27  2:42  Queen  
  32  2:56  Zergling x2  
  32  2:57  Zergling x4  
  34  3:01  Hatchery  
  34  3:04  Lair  
  33  3:25  Overlord x2  
  33  3:35  Extractor  
  33  3:37  Extractor  
  33  3:39  Roach Warren  
  30  3:46  Drone x2  
  30  3:47  Drone x4  
  35  4:13  Nydus Network  
  35  4:17  Zergling x14  
  36  4:22  Overseer  
  41  4:24  Overlord x2  
  41  4:27  Roach  
  41  4:28  Roach x2  
  41  4:30  Roach  
  49  4:34  Overlord  
  49  4:46  Roach x3  
  49  4:48  Zergling x4  
  57  4:56  Nydus Canal  
  57  5:04  Roach x2  
  57  5:05  Roach  
  57  5:06  Zergling x2  
  64  5:15  Zergling x6  
  64  5:26  Roach x3  
  69  5:36  Roach x2  
  71  5:45  Roach  
  71  5:48  Ravager  
  73  5:54  Roach  
Tags
 
Add a new tag
Caveats
  • Supply blocks, unpowered buildings, or Contaminate may cause inaccurate times.
  • Supply counts are checked every 10 seconds.